 Dungeon Crawl Stone Soup version 0.24-a0-415-g6d73c25c48 (webtiles) character file.

Game seed: 10026415833774723264

2627 theanonym the Grappler (level 9, -7/81 HPs)
             Began as a Ghoul Gladiator on June 7, 2019.
             Was a Priest of Makhleb.
             Mangled by a two-headed ogre
             ... wielding a +0 giant spiked club
              (14 damage)
             ... on level 8 of the Dungeon.
             The game lasted 00:07:07 (6134 turns).

theanonym the Grappler (Ghoul Gladiator)            Turns: 6134, Time: 00:07:07

Health: -7/81      AC: 11    Str: 21    XL:     9   Next: 61%
Magic:  8/8        EV:  7    Int:  3    God:    Makhleb [***...]
Gold:   397        SH:  4    Dex: 10    Spells: 8/8 levels left

rFire    . . .     SeeInvis +     - Unarmed
rCold    + . .     Gourm    .   C - +0 buckler
rNeg     + + +     Faith    +   s - +0 plate armour
rPois    ∞         Spirit   .   b - +0 helmet
rElec    .         Reflect  .   (no cloak)
rCorr    .         Harm     .   (no gloves)
MR       .....                  (no boots)
Stlth    ..........             E - amulet of faith
HPRegen  0.00/turn              l - ring of see invisible
MPRegen  0.11/turn              g - +1 ring of evasion

@: rotting
A: rotting body, claws 1, carnivore, cold resistance 1, negative energy
resistance 3, inhibited regeneration, torment resistance, unbreathing
a: Minor Destruction, Lesser Servant of Makhleb, Renounce Religion


Innate Abilities, Weirdness & Mutations

Your body is rotting away.
You thrive on raw meat.
You are immune to poison.
You have sharp fingernails.
You are carnivorous and can eat meat at any time.
Your flesh is cold resistant. (rC+)
You are immune to negative energy. (rN+++)
You do not regenerate when monsters are visible.
You are immune to unholy pain and torment.
You can survive without breathing.


   Skills:
 + Level 7.9 Fighting
 - Level 1.7 Throwing
 - Level 2.6 Dodging
 + Level 3.6 Shields
 * Level 11.1 Unarmed Combat


You had 8 spell levels left.
You didn't know any spells.
Your spell library contained the following spells:

 Spells                   Type           Power        Failure   Level  Hunger
 Animate Skeleton         Necr           N/A          100%        1    ##.....
 Apportation              Tloc           #.....       100%        1    ##.....
 Confusing Touch          Hex            #.....       100%        1    ##.....
 Summon Small Mammal      Summ           #...         100%        1    ##.....

Skill      XL: |  1  2  3  4  5  6  7  8  9 |
---------------+----------------------------+-----
Unarmed Combat | 4 5 6 7 8 10 11 | 11.1
Fighting       | 3 4 6 7 |  7.9
Shields        | 2 3 |  3.6
Throwing       | |  1.7
Dodging        | |  2.6

Action                   |  1- 3 |  4- 6 |  7- 9 || total
-------------------------+-------+-------+-------++-------
Melee: Unarmed           |    99 |   200 |   359 ||   658
       Punch             |     1 |     2 |     3 ||     6
Throw: Throwing net      |       |       |     3 ||     3
Evoke: Wand              |       |     2 |     7 ||     9
  Use: Scroll            |       |     8 |     5 ||    13
       Potion            |       |       |     1 ||     1
 Stab: Held in net/web   |       |       |     1 ||     1
  Eat: Chunk             |     2 |     6 |    13 ||    21
Armor: Leather armour    |    23 |       |       ||    23
       Chain mail        |    20 |    58 |       ||    78
       Plate armour      |       |    58 |   182 ||   240
Dodge: Dodged            |    58 |    73 |   100 ||   231
Block: Buckler           |       |       |    29 ||    29

Inventory:

Armour
 b - a +0 helmet (worn)
 s - a +0 plate armour (worn)
 C - a +0 buckler (worn)
Jewellery
 a - an uncursed amulet of guardian spirit
 g - a +1 ring of evasion (right claw)
 l - a ring of see invisible (left claw)
 E - an amulet of faith (around neck)
Wands
 d - a wand of polymorph (11)
 v - a wand of acid (5)
 w - a wand of flame (44)
 x - a wand of disintegration (11)
 H - a wand of scattershot (3)
Scrolls
 f - 4 scrolls of remove curse {unknown}
 k - a scroll of enchant armour {unknown}
 n - 4 scrolls of amnesia {unknown}
 o - a scroll of vulnerability {unknown}
 q - 4 scrolls of blinking {unknown}
 r - a scroll of identify
 t - 8 scrolls of teleportation
 u - 3 scrolls of fear {unknown}
 y - 2 scrolls of magic mapping
 z - a scroll of fog {unknown}
 G - a scroll of noise {unknown}
Potions
 h - 3 potions of haste
 i - 3 potions of brilliance
 j - 2 potions of agility
 m - 3 potions of might
 p - 4 potions of flight
 A - a potion of invisibility
 B - 2 potions of berserk rage {unknown}
 F - 5 potions of curing
 I - a potion of lignification {unknown}
Comestibles
 e - 11 rations
 D - 6 chunks of flesh


You were on level 8 of the Dungeon.
You worshipped Makhleb.
Makhleb was most pleased with you.
You were not hungry.

You visited 1 branch of the dungeon, and saw 8 of its levels.
You also visited: Ossuary.

You collected 397 gold pieces.

Dungeon Overview and Level Annotations

Branches:
Dungeon (8/15)             Temple (0/1) D:6
   Lair: D:8-11

Altars:
Ashenzari
Elyvilon
Fedhas
Gozag
Makhleb
Nemelex Xobeh
Sif Muna
Trog
Xom
Yredelemnul
Zin
The Shining One

###.#
######....).##.....#
....#
#.......##......####
.####
#.............#..# .#
####........##...##.#
.###..>....<..##....#
...
.....##..........#..#
....
.#####....######....#
...... ..##.....##
#.#..##......
#........#
#@#..........
##....#..# #O#.......
)....##...#
#†#.......
#...####...#
#......... ..###
.#.....?......... .##
.#######......... .#
#......... .#
..........
...........


You could see a two-headed ogre.

Notes
Turn   | Place    | Note
-------+----------+-------------------------------------------
     0 | D:1      | theanonym the Ghoul Gladiator began the quest for the Orb.
     0 | D:1      | Reached XP level 1. HP: 17/17 MP: 0/0
    63 | D:1      | Reached XP level 2. HP: 18/25 MP: 1/1
   291 | D:1      | Reached skill level 4 in Unarmed Combat
   455 | D:1      | Reached XP level 3. HP: 29/30 MP: 2/2
   509 | D:1      | You fall into a shaft and drop 1 floor!
  1113 | D:2      | Noticed Jessica
  1121 | D:2      | Killed Jessica
  1121 | D:2      | Reached skill level 3 in Fighting
  1121 | D:2      | Reached XP level 4. HP: 25/38 MP: 3/3
  1171 | D:2      | Reached skill level 5 in Unarmed Combat
  1193 | D:2      | Found a burning altar of Makhleb.
  1206 | D:2      | Became a worshipper of Makhleb the Destroyer
  1227 | D:2      | Found a shattered altar of Ashenzari.
  1327 | D:2      | Found a blossoming altar of Fedhas.
  1378 | D:2      | Reached XP level 5. HP: 45/45 MP: 4/4
  1695 | D:3      | Reached * piety under Makhleb
  2059 | D:3      | Found a basalt altar of Yredelemnul.
  2206 | D:3      | Noticed Grinder
  2213 | D:3      | Killed Grinder
  2213 | D:3      | Reached skill level 4 in Fighting
  2213 | D:3      | Reached skill level 6 in Unarmed Combat
  2213 | D:3      | Reached XP level 6. HP: 52/52 MP: 5/5
  2407 | D:4      | Found a sand-covered staircase.
  2411 | Ossuary  | Entered an ossuary
  2480 | Ossuary  | Reached ** piety under Makhleb
  2514 | Ossuary  | Reached skill level 7 in Unarmed Combat
  2528 | Ossuary  | Reached XP level 7. HP: 60/60 MP: 6/6
  2535 | Ossuary  | Reached skill level 5 in Fighting
  2836 | D:4      | Noticed Sigmund
  2849 | D:4      | Killed Sigmund
  2849 | D:4      | Reached skill level 8 in Unarmed Combat
  3244 | D:5      | Entered Level 5 of the Dungeon
  3312 | D:5      | Reached skill level 6 in Fighting
  3312 | D:5      | Reached XP level 8. HP: 70/70 MP: 4/7
  3320 | D:5      | Found a sparkling altar of Nemelex Xobeh.
  3504 | D:5      | Reached skill level 9 in Unarmed Combat
  3506 | D:5      | Reached *** piety under Makhleb
  3535 | D:5      | Found a blossoming altar of Fedhas.
  3760 | D:5      | HP: 33/71 [killer bee (5)]
  3766 | D:5      | Reached skill level 1 in Shields
  3775 | D:5      | HP: 35/71 [killer bee (1)]
  3783 | D:5      | HP: 22/71 [killer bee (7)]
  4113 | D:5      | Found a shimmering altar of Xom.
  4163 | D:6      | Found a staircase to the Ecumenical Temple.
  4227 | D:6      | Reached skill level 2 in Shields
  4242 | D:6      | Reached skill level 10 in Unarmed Combat
  4556 | D:6      | Reached skill level 7 in Fighting
  4605 | D:6      | Reached XP level 9. HP: 59/79 MP: 6/8
  4637 | D:6      | Found an opulent altar of Gozag.
  4639 | D:6      | Found a bloodstained altar of Trog.
  4689 | D:6      | Found a white marble altar of Elyvilon.
  4690 | D:6      | Found a glowing silver altar of Zin.
  4691 | D:6      | Found a glowing golden altar of the Shining One.
  4788 | D:6      | Found a deep blue altar of Sif Muna.
  5448 | D:7      | Reached skill level 3 in Shields
  5619 | D:8      | HP: 38/78 [orc/+0 trident (5)]
  5624 | D:8      | HP: 12/78 [orc warrior/cursed +0 hand axe (11)]
  5933 | D:8      | Reached skill level 11 in Unarmed Combat
  6113 | D:8      | Noticed a two-headed ogre
  6131 | D:8      | HP: 40/81 [two-headed ogre/+0 giant spiked club (15)]
  6132 | D:8      | HP: 7/81 [two-headed ogre/+0 giant spiked club (25)]
  6134 | D:8      | Mangled by a two-headed ogre

Vanquished Creatures
  Grinder (D:3)
  A hippogriff (D:7)
  Sigmund (D:4)
  A water moccasin (D:6)
  An ice beast (D:6)
  An orc warrior (D:7)
  An ogre (D:8)
  2 phantoms
  A sky beast (D:7)
  A centaur (D:8)
  3 elf zombies (Ossuary)
  A bullfrog (D:7)
  2 scorpions
  6 killer bees (D:5)
  A crimson imp (D:8)
  A gnoll shaman (D:6)
  2 hounds
  A human zombie (Ossuary)
  2 jellies
  An orc priest (D:6)
  4 orc wizards
  Jessica (D:2)
  An iguana (D:5)
  A worker ant (D:2)
  A big kobold zombie (Ossuary)
  2 mummies (Ossuary)
  2 worker ant zombies
  6 adders
  5 gnolls (D:6)
  2 adder skeletons (D:6)
  2 adder zombies
  2 worms
  4 dart slugs
  5 leopard geckos
  15 orcs
  10 bats
  6 giant cockroaches
  8 goblins
  6 hobgoblins
  3 jackals (D:5)
  7 kobolds
  4 quokkas
  2 ball pythons
  7 frilled lizards
  A goblin zombie (Ossuary)
  9 hobgoblin zombies (Ossuary)
  2 jackal zombies (Ossuary)
  11 kobold zombies (Ossuary)
  A leopard gecko skeleton (D:5)
  7 orc zombies (Ossuary)
  A quokka skeleton (D:4)
  10 rats
179 creatures vanquished.

Table legend:
 A = Turns spent in this place as a percentage of turns spent in the entire game.
 B = Non-inter-level travel turns spent in this place as a percentage of non-inter-level travel turns spent in the entire game.
 C = Inter-level travel turns spent in this place as a percentage of turns spent in this place.
 D = Turns resting spent in this place as a percentage of non-inter-level travel turns spent in this place.
 E = Turns spent auto-exploring this place as a percentage of non-inter-level travel turns spent in this place.
 F = Non-inter-level travel turns spent in this place divided by the number of levels of this place that you've seen.
                   A       B       C       D       E      F
               +-------+-------+-------+-------+-------+----------------------
         Total | 100.0 | 100.0 |   5.7 |  14.1 |  65.4 | 642.6
       Dungeon |  95.5 |  95.3 |   6.0 |  14.8 |  67.0 | 688.8
       Ossuary |   4.5 |   4.7 |   0.0 |   0.0 |  31.9 | 273.0
               +-------+-------+-------+-------+-------+----------------------
